 Dungeon Crawl Stone Soup version 0.31.0-32-g396128a36d (webtiles) character file.

Game seed: 9197241890187379930

32 Henri the Ruffian (level 3, -2/35 HPs)
             Began as a Troll Gladiator on Apr 3, 2024.
             Slain by a goblin
             ... wielding a +0 club
             ... led by Robin
              (5 damage)
             ... on level 2 of the Dungeon.
             The game lasted 00:02:18 (818 turns).

Henri the Ruffian (Troll Gladiator)                  Turns: 818, Time: 00:02:19

Health: -2/35      AC:  4    Str: 24    XL:     3   Next: 8%
Magic:  2/2        EV: 10    Int:  4    God:
Gold:   57         SH:  0    Dex: 11    Spells: 2/2 levels left

rFire   . .          .
                       - Unarmed
rCold   . . .        (no shield)
rNeg    . . .        a - +0 robe
rPois   .            b - +0 hat
rElec   .            (no cloak)
rCorr   .            (gloves unavailable)
SInv    .            (boots unavailable)
Will    .....        (no amulet)
Stlth   +            (no ring)
HPRegen 1.05/turn    (no ring)
MPRegen 0.08/turn

%: no passive effects
@: no status effects
A: large, unfitting armour, claws 3, regeneration 1, shaggy fur 1, tough skin 1
a: no special abilities


You were on level 2 of the Dungeon.
You visited 1 branch of the dungeon, and saw 2 of its levels.

You collected 57 gold pieces.

Inventory:

Missiles
 c - 3 throwing nets (quivered)
 d - a large rock
Armour
 a - a +0 robe (worn)
 b - a +0 hat (worn)
Scrolls
 e - a scroll of poison {unknown}
 f - a scroll of fear
 g - a scroll of noise {unknown}
 h - a scroll of enchant armour {unknown}
 i - a scroll of blinking {unknown}
 k - a scroll of identify {unknown}
Potions
 j - 2 potions of curing {unknown}
 l - a potion of haste {unknown}
 m - a potion of degeneration {unknown}


   Skills:
 + Level 2.0 Fighting
 + Level 2.2 Throwing
 + Level 2.7 Dodging
 + Level 3.3 Unarmed Combat


You had 2 spell levels left.
You didn't know any spells.
Your spell library was empty.

Dungeon Overview and Level Annotations

Branches:
Dungeon (2/15)

Altars:

Annotations:
D:2 Robin


Innate Abilities, Weirdness & Mutations

You are too large for most types of armour.
You have claws for hands.
Your natural rate of healing is unusually fast.
You are covered in fur. (AC +1)
You have tough skin. (AC +1)


Message History

Unknown command.
You claw the goblin!
You kill the goblin!
The goblin hits you with a +0 club. Robin throws the goblin at you!
You have reached level 3!
Your experience leads to an increase in your attributes!
Increase (S)trength, (I)ntelligence, or (D)exterity?
You feel stronger. x3
You claw the goblin!
You kill the goblin!
An endoplasm comes into view.
The goblin hits you with a +0 club. The goblin misses you.
Robin throws the goblin at you!
You scratch the goblin.
You kill the goblin!
The goblin hits you with a +0 club. The goblin hits you but does no damage.
The goblin barely misses you.
Things that are here:
a +0 club; a +0 dagger The goblin attacks as it pursues you!
The goblin hits you with a +0 club. Robin throws the goblin at you!
The goblin attacks as it pursues you! The goblin hits you with a +0 club.
The goblin hits you with a +0 dagger.
* * * LOW HITPOINT WARNING * * *
The goblin attacks as it pursues you! The goblin hits you with a +0 club.
* * * LOW HITPOINT WARNING * * *
Unknown command.
The goblin closely misses you. The goblin closely misses you.
The goblin unwields a +0 dagger.
The goblin wields a +0 sling.
The goblin shoots a sling bullet.
The sling bullet barely misses you. Robin throws the goblin at you!
The goblin hits you with a +0 club.
* * * LOW HITPOINT WARNING * * *
The goblin hits you with a +0 club.
* * * LOW HITPOINT WARNING * * *
The goblin hits you with a +0 club.
* * * LOW HITPOINT WARNING * * *
Unknown command.
The goblin attacks as it pursues you! The goblin misses you.
The goblin attacks as it pursues you! The goblin hits you with a +0 club.
You die...

##.# #.....#
#.###.....#####
#.........#...#
#####.....#...#
###†###...#
######..##...#
#............#
#.......)....#
#........@...#
##########g###
#..g# ###g##
#..## # ##.g#
#######. ##.##
#....#..
#J.###.(..#.#
##.)##......#


You could see Robin, an endoplasm and 3 goblins.

Vanquished Creatures
  A dart slug (D:1)
  A ball python (D:2)
  4 endoplasms
  A giant cockroach (D:2)
  5 goblins
  4 hobgoblins
  2 jackals (D:1)
  A quokka (D:2)
  2 bats
  A frilled lizard (D:2)
  A kobold (D:2)
  2 rats (D:1)
25 creatures vanquished.

Notes
Turn   | Place    | Note
-------+----------+-------------------------------------------
     0 | D:1      | Henri the Troll Gladiator began the quest for the Orb.
     0 | D:1      | Reached XP level 1. HP: 19/19 MP: 0/0
   360 | D:1      | Reached XP level 2. HP: 28/28 MP: 1/1
   791 | D:2      | Noticed Robin
   808 | D:2      | Reached XP level 3. HP: 22/35 MP: 2/2
   816 | D:2      | HP: 1/35 [goblin/+0 club[Robin] (6)]
   818 | D:2      | Slain by a goblin

Illustrated notes

Levels and vault maps discovered:
D:1:      moated_graveyard_arrival, layout_basic
D:2:      layout_basic, basic_altar, uniq_robin

Skill      XL: |  1  2 |
---------------+-------+-----
Throwing       | 2 |  2.2
Fighting       | 2 |  2.0
Dodging        | |  2.7
Unarmed Combat | |  3.3

Action                     || total
---------------------------++-------
  Melee: Unarmed           ||    61
         Punch             ||     2
    Use: Scroll            ||     1
 Armour: Robe              ||    50
  Dodge: Dodged            ||    30
